[Event "45th FIDE Olympiad 2024"]
[Site "Budapest"]
[Date "2024.09.14"]
[Round "4.149"]
[White "Maksimovic, Bojan"]
[Black "Laohawirapap, Prin"]
[Result "1/2-1/2"]
[ECO "E92"]
[WhiteElo "2503"]
[BlackElo "2380"]
[PlyCount "119"]
[EventDate "2024.09.05"]
[EventType "team-tourn"]
[EventCountry "HUN"]
[WhiteTeam "Bosnia & Herzegovina"]
[BlackTeam "Thailand"]
[WhiteTeamCountry "BIH"]
[BlackTeamCountry "THA"]
[TimeControl "40/5400+30:1800+30"]

1. d4 Nf6 2. Nf3 g6 3. c4 Bg7 4. Nc3 O-O 5. e4 d6 6. Be2 e5 7. d5 a5 8. h3 Na6 9. Bg5 Qe8 10. g4 Nd7 11. a3 Nb6 12. b3 Bd7 13. Rc1 Kh8 14. Rg1 f6 15. Be3 Qe7 16. h4 f5 17. gxf5 gxf5 18. Ng5 f4 19. Bxb6 cxb6 20. Bg4 Bxg4 21. Rxg4 Bf6 22. Nf3 Rg8 23. Rxg8+ Rxg8 24. Ke2 Rg2 25. Qh1 Qg7 26. Qh3 Rg4 27. h5 Nc5 28. Rb1 h6 29. b4 axb4 30. axb4 Na6 31. Nb5 Be7 32. Kd3 Rg2 33. Rb2 Rg4 34. Kc3 Kh7 35. Rb1 Rg2 36. Qf5+ Kg8 37. Qe6+ Qf7 38. Qh3 Qg7 39. Qc8+ Qf8 40. Qe6+ Qf7 41. Qh3 Qg7 42. Nxd6 Bxd6 43. Qe6+ Kh8 44. Qxd6 Rxf2 45. Nxe5 Rf3+ 46. Kd4 Rb3 47. Ra1 Ra3 48. Rf1 Rf3 49. Rd1 Rb3 50. Qg6 Nxb4 51. Qxg7+ Kxg7 52. Nd3 Nc2+ 53. Ke5 Ne3 54. Rg1+ Kf7 55. Nxf4 Nxc4+ 56. Kd4 Nd2 57. Rg2 Rb4+ 58. Ke5 Nc4+ 59. Kd4 Nd2+ 60. Ke5 1/2-1/2

[Event "45th FIDE Olympiad 2024"]
[Site "Budapest"]
[Date "2024.09.14"]
[Round "4.150"]
[White "Kulpruethanon, Thanadon"]
[Black "Stojanovic, Dalibor"]
[Result "0-1"]
[ECO "E94"]
[WhiteElo "2286"]
[BlackElo "2448"]
[PlyCount "190"]
[EventDate "2024.09.05"]
[EventType "team-tourn"]
[EventCountry "HUN"]
[WhiteTeam "Thailand"]
[BlackTeam "Bosnia & Herzegovina"]
[WhiteTeamCountry "THA"]
[BlackTeamCountry "BIH"]
[TimeControl "40/5400+30:1800+30"]

1. d4 Nf6 2. c4 g6 3. Nc3 Bg7 4. e4 d6 5. Be2 O-O 6. Be3 Nbd7 7. Nf3 e5 8. O-O Re8 9. d5 Nh5 10. g3 Bf8 11. Nd2 Ng7 12. g4 Be7 13. Nf3 Nf6 14. Ne1 h5 15. f3 Nh7 16. Ng2 Rf8 17. Kh1 hxg4 18. fxg4 f5 19. exf5 gxf5 20. gxf5 Bxf5 21. Bd3 Qd7 22. Bh6 Bg5 23. Bxg7 Kxg7 24. Bxf5 Rxf5 25. Rg1 Kh8 26. Ne4 Qf7 27. Qe2 Be7 28. Raf1 Rg8 29. Ng3 Rf6 30. Rxf6 Bxf6 31. Rf1 Qg6 32. Qe4 Qh6 33. Ne3 Qh3 34. Qg2 Qxg2+ 35. Nxg2 Bg5 36. Ne4 Kg7 37. h4 Bh6 38. Kh2 Rd8 39. Kh3 a5 40. Kg4 Rg8 41. Kh5 Rh8 42. Kg4 Rg8 43. Kh3 b6 44. Rf3 Rh8 45. Rf1 Rg8 46. Ne1 Rh8 47. Nd3 Re8 48. Rf3 Kg6 49. Kg4 Kg7 50. Kh5 Rh8 51. Kg4 Re8 52. Ndf2 Bf4 53. Nh3 Bc1 54. b3 Rg8 55. Rf5 Kh6+ 56. Kf3 Kg6 57. Kg4 Kh6+ 58. Kf3 Kg6 59. Kg4 Kh6+ 60. Nhg5 Bxg5 61. hxg5+ Kg6 62. Nc3 Re8 63. a3 Re7 64. b4 axb4 65. axb4 Re8 66. Nb5 Re7 67. Nc3 Re8 68. Ne4 Ra8 69. Rf1 Ra2 70. Rh1 Nxg5 71. Nxg5 Rg2+ 72. Kf3 Rxg5 73. Rh8 Rf5+ 74. Ke3 Rf4 75. c5 bxc5 76. bxc5 Rd4 77. Rc8 Rxd5 78. c6 Rc5 79. Rxc7 Kf6 80. Rc8 Ke6 81. Kd3 Kd5 82. c7 Kc6 83. Ke4 Kd7 84. Rh8 Kxc7 85. Kf5 Kc6 86. Rh1 Rc4 87. Ke6 Kc5 88. Rd1 Rd4 89. Rc1+ Kb4 90. Kf5 e4 91. Kf4 d5 92. Ke3 Rd3+ 93. Ke2 Rc3 94. Ra1 d4 95. Kd2 Rg3 {0-} 0-1

[Event "45th FIDE Olympiad 2024"]
[Site "Budapest"]
[Date "2024.09.14"]
[Round "4.151"]
[White "Culum, Sanjin"]
[Black "Teerapabpaisit, Wisuwat"]
[Result "1-0"]
[ECO "B41"]
[WhiteElo "2409"]
[BlackElo "2070"]
[PlyCount "133"]
[EventDate "2024.09.05"]
[EventType "team-tourn"]
[EventCountry "HUN"]
[WhiteTeam "Bosnia & Herzegovina"]
[BlackTeam "Thailand"]
[WhiteTeamCountry "BIH"]
[BlackTeamCountry "THA"]
[TimeControl "40/5400+30:1800+30"]

1. e4 c5 2. Nf3 e6 3. d4 cxd4 4. Nxd4 a6 5. c4 Nf6 6. Nc3 Qc7 7. a3 Nc6 8. Be3 Ne5 9. Be2 d6 10. Rc1 b6 11. O-O Bb7 12. f4 Ned7 13. Bf3 h5 14. f5 e5 15. Nd5 Qd8 16. Ne6 fxe6 17. fxe6 Bxd5 18. exd7+ Qxd7 19. cxd5 b5 20. Bb6 Qb7 21. Ba5 Qa7+ 22. Kh1 Be7 23. Rc7 Qe3 24. Qc2 Kf7 25. Bd2 Qb6 26. Bg5 Ra7 27. Rc6 Qd8 28. Qe2 g6 29. Qf2 Ra8 30. Qg3 Kg7 31. Be3 Qd7 32. Rfc1 Bd8 33. Bg5 Rf8 34. Bxf6+ Rxf6 35. Bxh5 Qa7 36. Bf3 Qd4 37. Qg4 Ra7 38. Rc8 Qe3 39. Rf1 Be7 40. h3 Qf4 41. Qxf4 Rxf4 42. Rfc1 Rf8 43. R1c7 Rxc8 44. Rxa7 Kf8 45. Rxa6 Rc2 46. b4 Ra2 47. Kh2 Bg5 48. Kg3 Ke7 49. Ra5 Be3 50. Kg4 Bc1 51. Rxb5 Rxa3 52. Rb7+ Kf6 53. Rd7 Ra6 54. Rc7 Be3 55. Rc6 Rb6 56. h4 Ke7 57. Rxb6 Bxb6 58. Kg5 Kf7 59. Kh6 Bf2 60. h5 Be3+ 61. Kh7 gxh5 62. Bxh5+ Kf6 63. Kg8 Bd2 64. b5 Ke7 65. Kg7 Bf4 66. g4 Bd2 67. Kg6 1-0

[Event "45th FIDE Olympiad 2024"]
[Site "Budapest"]
[Date "2024.09.14"]
[Round "4.152"]
[White "Arunnuntapanich, Tinnakrit"]
[Black "Marjanovic, Dejan"]
[Result "1-0"]
[ECO "D20"]
[WhiteElo "2064"]
[BlackElo "2365"]
[PlyCount "83"]
[EventDate "2024.09.05"]
[EventType "team-tourn"]
[EventCountry "HUN"]
[WhiteTeam "Thailand"]
[BlackTeam "Bosnia & Herzegovina"]
[WhiteTeamCountry "THA"]
[BlackTeamCountry "BIH"]
[TimeControl "40/5400+30:1800+30"]

1. d4 d5 2. c4 dxc4 3. e3 e5 4. Bxc4 Nc6 5. Nf3 e4 6. Nfd2 Qg5 7. Nxe4 Qxg2 8. Ng3 Nf6 9. Bf1 Qd5 10. Nc3 Bb4 11. Bd2 Qd8 12. Bg2 O-O 13. Qc2 Re8 14. O-O-O Bf8 15. a3 a5 16. d5 Ne5 17. e4 Bg4 18. Rde1 Bf3 19. Bxf3 Nxf3 20. Re3 Nxd2 21. Qxd2 g6 22. f4 c6 23. Rd3 Bh6 24. Re1 Qc8 25. d6 Qg4 26. Rf1 Rad8 27. Nf5 Qh5 28. Qg2 Bg7 29. Rh3 Qg4 30. Rg3 gxf5 31. Rxg4 Nxg4 32. Rg1 Bxc3 33. bxc3 Kh8 34. e5 Rg8 35. Qe2 Rg6 36. h3 Nh6 37. Rg5 Kg7 38. Qb2 Rd7 39. c4 Kf8 40. c5 Re6 41. a4 Rg6 42. Qc3 1-0

[Event "45th FIDE Olympiad 2024"]
[Site "Budapest"]
[Date "2024.09.14"]
[Round "4.153"]
[White "Delgado Ramirez, Neuris"]
[Black "Sanchez Alvarez, Roberto Carlos"]
[Result "1/2-1/2"]
[ECO "B50"]
[WhiteElo "2484"]
[BlackElo "2376"]
[PlyCount "117"]
[EventDate "2024.09.05"]
[EventType "team-tourn"]
[EventCountry "HUN"]
[WhiteTeam "Paraguay"]
[BlackTeam "Panama"]
[WhiteTeamCountry "PAR"]
[BlackTeamCountry "PAN"]
[TimeControl "40/5400+30:1800+30"]

1. e4 c5 2. Nf3 d6 3. c3 Nf6 4. Be2 g6 5. O-O Bg7 6. Bb5+ Nc6 7. d4 Qb6 8. Ba4 O-O 9. d5 Na5 10. Re1 e6 11. Na3 exd5 12. exd5 a6 13. c4 Bg4 14. Re3 Qc7 15. h3 Bf5 16. g4 Bc8 17. Bd2 b5 18. Bxa5 Qxa5 19. cxb5 axb5 20. Bxb5 h5 21. Bc6 hxg4 22. Nc4 Qa6 23. Nfd2 Qa7 24. Ra3 Ba6 25. hxg4 Qc7 26. Bxa8 Rxa8 27. Ne3 Nd7 28. Ndc4 Bd4 29. Rc1 Kg7 30. b4 Nb6 31. b5 Bxb5 32. Rxa8 Nxa8 33. a4 Ba6 34. Rb1 Qe7 35. Qf3 Nc7 36. Rb6 Bxc4 37. Nxc4 Nxd5 38. Rxd6 Nc3 39. Kg2 Nxa4 40. Ra6 Nc3 41. Nd6 Be5 42. Nc4 Bd4 43. Nd6 Be5 44. Rb6 Bxd6 45. Qxc3+ Be5 46. Qc4 Qh4 47. Qe4 Qh2+ 48. Kf1 Qh3+ 49. Ke2 Bd4 50. Qf3 Qh2 51. Rb7 Qe5+ 52. Kf1 Qe6 53. Rb8 Qa2 54. Ra8 Qc4+ 55. Kg2 Qe6 56. Qh3 Qe4+ 57. Qf3 Qe6 58. Kf1 Qc4+ 59. Kg2 1/2-1/2

[Event "45th FIDE Olympiad 2024"]
[Site "Budapest"]
[Date "2024.09.14"]
[Round "4.154"]
[White "Delgado Rosas, Alex Antonio"]
[Black "Cubas, Jose Fernando"]
[Result "1/2-1/2"]
[ECO "A45"]
[WhiteElo "2157"]
[BlackElo "2417"]
[PlyCount "84"]
[EventDate "2024.09.05"]
[EventType "team-tourn"]
[EventCountry "HUN"]
[WhiteTeam "Panama"]
[BlackTeam "Paraguay"]
[WhiteTeamCountry "PAN"]
[BlackTeamCountry "PAR"]
[TimeControl "40/5400+30:1800+30"]

1. d4 Nf6 2. Bf4 g6 3. Nc3 d5 4. e3 Bg7 5. Nb5 Na6 6. Nc3 Nb8 7. Nb5 Na6 8. Nc3 O-O 9. Bxa6 bxa6 10. Be5 c6 11. Nf3 Re8 12. O-O Bf8 13. h3 Nd7 14. Bh2 Qb6 15. Na4 Qb5 16. b3 e6 17. Ne5 f6 18. c4 Qb7 19. Nxd7 Qxd7 20. Qf3 Bg7 21. Rac1 e5 22. cxd5 Qxd5 23. Qxd5+ cxd5 24. Rc5 exd4 25. exd4 Be6 26. Ra5 Bd7 27. Nc3 Rac8 28. Nxd5 Bb5 29. Nc7 Bxf1 30. Nxe8 Bb5 31. Nc7 Bf8 32. Bf4 Bb4 33. Nd5 Bxa5 34. Ne7+ Kf7 35. Nxc8 Ke6 36. Nd6 Bd3 37. Nb7 Bb6 38. Nc5+ Bxc5 39. dxc5 Kd5 40. Be3 a5 41. c6 Kxc6 42. Bxa7 Kb5 1/2-1/2

[Event "45th FIDE Olympiad 2024"]
[Site "Budapest"]
[Date "2024.09.14"]
[Round "4.155"]
[White "Almiron, Antonio"]
[Black "Mendez Machado, Andre"]
[Result "1-0"]
[ECO "D38"]
[WhiteElo "2312"]
[BlackElo "2122"]
[PlyCount "141"]
[EventDate "2024.09.05"]
[EventType "team-tourn"]
[EventCountry "HUN"]
[WhiteTeam "Paraguay"]
[BlackTeam "Panama"]
[WhiteTeamCountry "PAR"]
[BlackTeamCountry "PAN"]
[TimeControl "40/5400+30:1800+30"]

1. d4 Nf6 2. c4 e6 3. Nf3 d5 4. Nc3 Bb4 5. Qa4+ Nc6 6. e3 O-O 7. Qc2 Re8 8. Bd2 a6 9. a3 Bf8 10. Be2 b6 11. cxd5 exd5 12. O-O Bb7 13. Bd3 Bd6 14. h3 Nb8 15. b4 Nbd7 16. Qb3 Nf8 17. Rfc1 Ng6 18. Rc2 Ne4 19. Be1 Nf6 20. Bf1 h6 21. b5 a5 22. Kh1 Qd7 23. Bd3 Rad8 24. a4 Qe7 25. Bd2 Kh8 26. Bc1 Nf8 27. Ba3 Ng6 28. Bxd6 Rxd6 29. Bxg6 fxg6 30. Ne5 Nd7 31. Nd3 Nf6 32. Rac1 Rc8 33. Ne2 Kh7 34. Kg1 Ba8 35. Ne5 Ne8 36. Qd3 Rf6 37. Nf4 Qd6 38. Nexg6 Rxg6 39. Rc6 Bxc6 40. Rxc6 Kg8 41. Nxg6 Qd7 42. Ne5 Qe7 43. Ng6 Qf7 44. Qc2 Rd8 45. Nf4 Rd7 46. Nd3 Rd6 47. Ne5 Qe7 48. Rc3 Qe6 49. Qb3 Kh7 50. Nd3 Rd7 51. Rc6 Qe7 52. Nf4 Nf6 53. Qc2+ Kg8 54. Ne6 Ne8 55. Qg6 Rd6 56. Rxd6 Nxd6 57. Nf4 Qe4 58. Qxe4 dxe4 59. Nd5 Ne8 60. f3 exf3 61. gxf3 Kf7 62. Kf2 Ke6 63. e4 Kd7 64. Ke3 Nd6 65. Kd3 Nf7 66. h4 g5 67. h5 Nd8 68. Nf6+ Ke6 69. Ng4 Nf7 70. d5+ Ke7 71. e5 1-0

[Event "45th FIDE Olympiad 2024"]
[Site "Budapest"]
[Date "2024.09.14"]
[Round "4.156"]
[White "Baules Rodriguez, Jorge Luis"]
[Black "Latorre, Matias"]
[Result "1/2-1/2"]
[ECO "C01"]
[WhiteElo "2271"]
[BlackElo "2264"]
[PlyCount "79"]
[EventDate "2024.09.05"]
[EventType "team-tourn"]
[EventCountry "HUN"]
[WhiteTeam "Panama"]
[BlackTeam "Paraguay"]
[WhiteTeamCountry "PAN"]
[BlackTeamCountry "PAR"]
[TimeControl "40/5400+30:1800+30"]

1. e4 e6 2. d4 d5 3. exd5 exd5 4. Nf3 Nf6 5. Bd3 Be7 6. Bf4 O-O 7. O-O Bg4 8. Nbd2 Bd6 9. Bxd6 Qxd6 10. c3 Nbd7 11. Qc2 Bxf3 12. Nxf3 Rfe8 13. Rae1 c6 14. g3 g6 15. a4 Rxe1 16. Rxe1 Re8 17. a5 Rxe1+ 18. Nxe1 Qe7 19. Nf3 Ne8 20. h4 Nef6 21. Qd2 Qd6 22. Qg5 Kg7 23. Ne5 Qe6 24. Nf3 Qd6 25. Kg2 b6 26. axb6 axb6 27. Ne5 Qe6 28. Nf3 Qd6 29. Qe3 Qe6 30. Qf4 b5 31. Ng5 Qe8 32. Qc7 h6 33. Nf3 Qe6 34. Kg1 Ne8 35. Qf4 Nef6 36. Kg2 Qe7 37. Qc7 Qe6 38. Qf4 Qe7 39. Qc7 Qe6 40. Qf4 1/2-1/2

[Event "45th FIDE Olympiad 2024"]
[Site "Budapest"]
[Date "2024.09.14"]
[Round "4.157"]
[White "Tissir, Mohamed"]
[Black "Meier, Georg"]
[Result "0-1"]
[ECO "C10"]
[WhiteElo "2355"]
[BlackElo "2591"]
[PlyCount "90"]
[EventDate "2024.09.05"]
[EventType "team-tourn"]
[EventCountry "HUN"]
[WhiteTeam "Morocco"]
[BlackTeam "Uruguay"]
[WhiteTeamCountry "MAR"]
[BlackTeamCountry "URU"]
[TimeControl "40/5400+30:1800+30"]

1. e4 e6 2. d4 d5 3. Nc3 Nf6 4. Bg5 dxe4 5. Nxe4 Nbd7 6. Nf3 h6 7. Nxf6+ Nxf6 8. Be3 Bd6 9. Bd3 O-O 10. Qe2 b6 11. O-O-O Bb7 12. Rhg1 Nd5 13. g4 Nb4 14. g5 Nxd3+ 15. Qxd3 h5 16. Qe2 Qe8 17. Ne5 Be4 18. Kb1 Bxe5 19. dxe5 Qc6 20. Rd4 Rad8 21. Rc1 Rxd4 22. Bxd4 Rd8 23. Bc3 h4 24. a3 Bf3 25. Qe3 Qe4 26. Qxe4 Bxe4 27. Rg1 Bf3 28. Kc1 Kh7 29. b3 Kg6 30. Bd2 Rd4 31. Re1 Rg4 32. Re3 Rg1+ 33. Kb2 Bd5 34. c4 Bc6 35. Rh3 Kh5 36. Kc3 Be4 37. Re3 Bf5 38. Rf3 c5 39. b4 Ra1 40. Kb2 Rh1 41. bxc5 bxc5 42. Be3 Rxh2 43. Bxc5 h3 44. Rf4 Rh1 45. Be7 h2 {0-} 0-1

[Event "45th FIDE Olympiad 2024"]
[Site "Budapest"]
[Date "2024.09.14"]
[Round "4.158"]
[White "Vazquez, Facundo"]
[Black "Elbilia, Jacques"]
[Result "1/2-1/2"]
[ECO "D35"]
[WhiteElo "2388"]
[BlackElo "2343"]
[PlyCount "107"]
[EventDate "2024.09.05"]
[EventType "team-tourn"]
[EventCountry "HUN"]
[WhiteTeam "Uruguay"]
[BlackTeam "Morocco"]
[WhiteTeamCountry "URU"]
[BlackTeamCountry "MAR"]
[TimeControl "40/5400+30:1800+30"]

1. d4 Nf6 2. c4 e6 3. Nc3 d5 4. cxd5 exd5 5. Bg5 Bb4 6. e3 h6 7. Bh4 Bf5 8. Qa4+ Nc6 9. Bb5 O-O 10. Nge2 Qd6 11. O-O Bxc3 12. Nxc3 Ne7 13. Qb3 c6 14. Be2 g5 15. Bg3 Qd7 16. Qa3 Bg6 17. Qd6 Qxd6 18. Bxd6 Rfe8 19. h3 a5 20. Rfc1 Ne4 21. Nxe4 Bxe4 22. a4 Nc8 23. Bc5 Bf5 24. Rc3 Bd7 25. Rac1 Kg7 26. Kf1 Kg6 27. Ke1 f5 28. Kd2 Rb8 29. Rb3 b6 30. Ba6 b5 31. Bxc8 Rexc8 32. Bd6 Rb7 33. Rc5 Kf7 34. axb5 Rxb5 35. Kc3 Ke6 36. Bg3 Ra8 37. h4 Ra6 38. hxg5 hxg5 39. Ra3 a4 40. Bc7 Ra7 41. Bd8 g4 42. b4 Rb8 43. Ba5 Rh8 44. Ra1 Rh2 45. Rg1 Kd6 46. Bd8 Rh8 47. Bf6 Rha8 48. Ra1 Bc8 49. Be5+ Kd7 50. Ra3 Ba6 51. Rxa4 Bb5 52. Rxa7+ Rxa7 53. Kb2 Ra4 54. Rc3 1/2-1/2

[Event "45th FIDE Olympiad 2024"]
[Site "Budapest"]
[Date "2024.09.14"]
[Round "4.159"]
[White "Ouakhir, Mehdi Pierre"]
[Black "Roselli Mailhe, Bernardo"]
[Result "1-0"]
[ECO "A00"]
[WhiteElo "2191"]
[BlackElo "2362"]
[PlyCount "85"]
[EventDate "2024.09.05"]
[EventType "team-tourn"]
[EventCountry "HUN"]
[WhiteTeam "Morocco"]
[BlackTeam "Uruguay"]
[WhiteTeamCountry "MAR"]
[BlackTeamCountry "URU"]
[TimeControl "40/5400+30:1800+30"]

1. g4 d5 2. Bg2 c6 3. g5 h6 4. h4 hxg5 5. hxg5 Rxh1 6. Bxh1 e5 7. d4 e4 8. c4 Bd6 9. Nc3 Ne7 10. f3 Bh2 11. Kf1 Qd6 12. fxe4 dxe4 13. Nxe4 Qg6 14. Bg2 Bc7 15. Qe1 Nf5 16. Qf2 Na6 17. Bf4 Bxf4 18. Qxf4 Kf8 19. Nf3 Qe6 20. Kf2 Ne7 21. Rh1 Ng6 22. Qd6+ Qxd6 23. Nxd6 Ke7 24. c5 Bd7 25. Nh4 Nxh4 26. Rxh4 Nc7 27. Nxb7 Rb8 28. Na5 Rxb2 29. Nxc6+ Bxc6 30. Bxc6 Ne6 31. Re4 Rb4 32. Ke3 g6 33. Bd5 Kd7 34. Bxe6+ fxe6 35. d5 Rb5 36. Rxe6 Rxc5 37. Kd4 Rc2 38. e4 Rxa2 39. Rxg6 a5 40. Ra6 Rg2 41. g6 a4 42. g7 a3 43. Ra7+ 1-0

[Event "45th FIDE Olympiad 2024"]
[Site "Budapest"]
[Date "2024.09.14"]
[Round "4.160"]
[White "Coppola, Claudio"]
[Black "Moayad, Anas"]
[Result "0-1"]
[ECO "E01"]
[WhiteElo "2286"]
[BlackElo "2016"]
[PlyCount "156"]
[EventDate "2024.09.05"]
[EventType "team-tourn"]
[EventCountry "HUN"]
[WhiteTeam "Uruguay"]
[BlackTeam "Morocco"]
[WhiteTeamCountry "URU"]
[BlackTeamCountry "MAR"]
[TimeControl "40/5400+30:1800+30"]

1. d4 Nf6 2. c4 e6 3. g3 c5 4. Nf3 cxd4 5. Nxd4 d5 6. Bg2 e5 7. Nf3 d4 8. O-O Nc6 9. e3 Be7 10. exd4 exd4 11. Bf4 O-O 12. Ne5 Nxe5 13. Bxe5 Bc5 14. b4 Bxb4 15. Qxd4 Qxd4 16. Bxd4 Rd8 17. Bc3 Bxc3 18. Nxc3 Be6 19. Rfb1 Rac8 20. Rxb7 Rxc4 21. Nd1 a5 22. Ne3 Rcd4 23. Ra7 a4 24. Bc6 Bd7 25. Bxd7 R8xd7 26. Rc1 g6 27. Ra5 Rb4 28. a3 Rb2 29. Rxa4 Ra2 30. Rc2 Ra1+ 31. Kg2 Kg7 32. Rb2 h5 33. h3 Rd3 34. Nc2 Rc1 35. Ra7 Ne8 36. Ne3 Ra1 37. Rb8 Nd6 38. Rd8 Nb5 39. Rxd3 Nxa7 40. Nc2 Ra2 41. Nd4 Kf6 42. Kf3 Nc8 43. Nb5 Ke7 44. Rc3 Kd8 45. Rb3 Kd7 46. Nc3 Rc2 47. a4 Kc6 48. a5 Rc1 49. Na2 Ra1 50. Rb2 Rd1 51. Rc2+ Kd7 52. Ke3 Rb1 53. Nc3 Rb7 54. Ne4 Ra7 55. Rc5 f5 56. Nd2 Nd6 57. Kf4 Nb7 58. Rb5 Nd6 59. Rc5 Nb7 60. Re5 Nxa5 61. Kg5 Nc6 62. Re3 Ne7 63. Nf3 Ra6 64. Ne5+ Ke8 65. Rb3 Kf8 66. Rb8+ Kg7 67. Rb7 Kf8 68. f4 Re6 69. Rb8+ Kg7 70. Re8 Kh7 71. Nc6 Rxc6 72. Rxe7+ Kg8 73. Kh6 Kf8 74. Rg7 g5+ 75. Rg6 Rxg6+ 76. Kxg6 h4 77. fxg5 hxg3 78. Kxf5 g2 {0-} 0-1

[Event "45th FIDE Olympiad 2024"]
[Site "Budapest"]
[Date "2024.09.14"]
[Round "4.161"]
[White "Volodin, Aleksandr"]
[Black "Tan, Jun Ying"]
[Result "1/2-1/2"]
[ECO "D15"]
[WhiteElo "2457"]
[BlackElo "2322"]
[PlyCount "79"]
[EventDate "2024.09.05"]
[EventType "team-tourn"]
[EventCountry "HUN"]
[WhiteTeam "Estonia"]
[BlackTeam "Malaysia"]
[WhiteTeamCountry "EST"]
[BlackTeamCountry "MAS"]
[TimeControl "40/5400+30:1800+30"]

1. d4 d5 2. c4 c6 3. Nf3 Nf6 4. e3 Bf5 5. Nc3 a6 6. Ne5 Nbd7 7. Qb3 Qc7 8. cxd5 Nxe5 9. dxe5 Nxd5 10. Nxd5 cxd5 11. Bd2 Qxe5 12. Rc1 Bd7 13. f4 Qb8 14. Qxd5 e6 15. Qf3 Bd6 16. Bc3 O-O 17. Bd3 f5 18. O-O Bc6 19. Qg3 Rf7 20. Rfd1 Bf8 21. Bc4 Qe8 22. Qe1 Rd7 23. Rxd7 Qxd7 24. Rd1 Qf7 25. Qg3 Re8 26. h3 Re7 27. Rd8 Re8 28. Rd2 Re7 29. Qg5 h6 30. Qg3 Rd7 31. Rd4 Kh7 32. Kh2 Bc5 33. Rxd7 Bxd7 34. Bd4 Bxd4 35. exd4 Bc6 36. Qe3 Be4 37. Qb3 Qg6 38. Qg3 Qf6 39. Qe3 Qg6 40. Qg3 1/2-1/2

[Event "45th FIDE Olympiad 2024"]
[Site "Budapest"]
[Date "2024.09.14"]
[Round "4.162"]
[White "Wong, Jianwen"]
[Black "Seeman, Tarvo"]
[Result "1/2-1/2"]
[ECO "A24"]
[WhiteElo "2231"]
[BlackElo "2375"]
[PlyCount "130"]
[EventDate "2024.09.05"]
[EventType "team-tourn"]
[EventCountry "HUN"]
[WhiteTeam "Malaysia"]
[BlackTeam "Estonia"]
[WhiteTeamCountry "MAS"]
[BlackTeamCountry "EST"]
[TimeControl "40/5400+30:1800+30"]

1. c4 e5 2. e3 d6 3. Nc3 g6 4. g3 Bg7 5. Bg2 Nf6 6. Nge2 O-O 7. O-O Nbd7 8. b4 a5 9. b5 Nb6 10. d3 e4 11. dxe4 Nxc4 12. h3 Re8 13. Nd4 Nb6 14. Bb2 Nc4 15. Bc1 Nb6 16. Qe2 Nfd7 17. Bb2 a4 18. Ba3 Nc5 19. Rfd1 Qe7 20. Rac1 Be6 21. Nxe6 Qxe6 22. Nd5 Nxd5 23. exd5 Qe7 24. Rc4 b6 25. Qc2 Ra5 26. Rb1 Qd7 27. Rcb4 f5 28. h4 h5 29. Bf3 Qf7 30. Rc4 Be5 31. Kg2 Qf6 32. Be2 Qf7 33. Rd1 Kh7 34. Bxc5 dxc5 35. Rxa4 Rxa4 36. Qxa4 Bd6 37. Bf3 Qf6 38. Qc2 Qe5 39. Rc1 Kg7 40. Qb3 Ra8 41. a4 Qf6 42. Rc4 Qe5 43. Qa2 Kh6 44. Qd2 Kg7 45. Bd1 Re8 46. Bc2 Qb2 47. Qd3 Qe5 48. Bb1 Qb2 49. e4 fxe4 50. Rxe4 Rxe4 51. Qxe4 Qf6 52. Bd3 Be5 53. f3 Bd6 54. Kh3 Be7 55. Kg2 Bd6 56. Bc2 Kf7 57. Kh3 Kg7 58. Bd3 Be7 59. Qe3 Bd6 60. f4 Kf7 61. Qe2 Kg7 62. f5 c4 63. Bc2 Qc3 64. Qf2 gxf5 65. Bxf5 Qe5 1/2-1/2

[Event "45th FIDE Olympiad 2024"]
[Site "Budapest"]
[Date "2024.09.14"]
[Round "4.163"]
[White "Kanep, Meelis"]
[Black "Kavin Mohan"]
[Result "1-0"]
[ECO "B13"]
[WhiteElo "2367"]
[BlackElo "1997"]
[PlyCount "99"]
[EventDate "2024.09.05"]
[EventType "team-tourn"]
[EventCountry "HUN"]
[WhiteTeam "Estonia"]
[BlackTeam "Malaysia"]
[WhiteTeamCountry "EST"]
[BlackTeamCountry "MAS"]
[TimeControl "40/5400+30:1800+30"]

1. d4 Nf6 2. Nf3 d5 3. e3 c5 4. Bd3 Nc6 5. h3 g6 6. O-O cxd4 7. exd4 Bg7 8. c3 Bf5 9. Bxf5 gxf5 10. Bf4 e6 11. Qb3 Qd7 12. Ne5 Nxe5 13. Bxe5 O-O 14. Nd2 Rac8 15. a4 Ne4 16. Nf3 Bh6 17. Bh2 f6 18. Qb5 Qg7 19. Qe2 Rce8 20. Kh1 Kh8 21. Rad1 Rg8 22. Ne1 Qg5 23. f3 Ng3+ 24. Bxg3 Qxg3 25. Qf2 Bf4 26. Qxg3 Bxg3 27. f4 e5 28. dxe5 fxe5 29. fxe5 Rxe5 30. Nf3 Re2 31. Rxd5 Rxb2 32. Rxf5 h6 33. Nd4 Bd6 34. R5f2 Rxf2 35. Rxf2 Re8 36. g4 Re3 37. Rf3 Rxf3 38. Nxf3 a6 39. c4 Kg7 40. Kg2 h5 41. gxh5 Kh6 42. Kf2 Kxh5 43. Ke3 Kg6 44. Ke4 Kf6 45. Kd5 Bf4 46. Nd4 Be3 47. Ne6 b6 48. Nc7 a5 49. Na8 b5 50. cxb5 1-0

[Event "45th FIDE Olympiad 2024"]
[Site "Budapest"]
[Date "2024.09.14"]
[Round "4.164"]
[White "Azhar, Muhd Syakir Shazmeer"]
[Black "Timoshin, Andrei"]
[Result "1-0"]
[ECO "B12"]
[WhiteElo "2086"]
[BlackElo "2230"]
[PlyCount "81"]
[EventDate "2024.09.05"]
[EventType "team-tourn"]
[EventCountry "HUN"]
[WhiteTeam "Malaysia"]
[BlackTeam "Estonia"]
[WhiteTeamCountry "MAS"]
[BlackTeamCountry "EST"]
[TimeControl "40/5400+30:1800+30"]

1. e4 c6 2. d4 d5 3. e5 c5 4. dxc5 e6 5. a3 Bxc5 6. b4 Bb6 7. Nf3 Ne7 8. Bb2 a5 9. Nbd2 O-O 10. Bd3 Ng6 11. Bxg6 hxg6 12. c4 axb4 13. axb4 Rxa1 14. Qxa1 Nc6 15. b5 Ne7 16. O-O Bd7 17. Ba3 Bc7 18. Qb2 f6 19. cxd5 exd5 20. Qb4 Re8 21. exf6 gxf6 22. Qd4 Kf7 23. Bb2 Nf5 24. Qxd5+ Be6 25. Qxb7 Qd7 26. Qa6 Rb8 27. Qa1 Bd8 28. Ne4 Qxb5 29. Bxf6 Bd5 30. Bxd8 Bxe4 31. Ng5+ Kg8 32. Nxe4 Rxd8 33. Qf6 Qe8 34. Qxf5 gxf5 35. Nf6+ Kf7 36. Nxe8 Rxe8 37. g3 f4 38. Kg2 Re4 39. Kf3 Ra4 40. Re1 fxg3 41. hxg3 1-0

[Event "45th FIDE Olympiad 2024"]
[Site "Budapest"]
[Date "2024.09.14"]
[Round "4.165"]
[White "Henderson de La Fuente, Lance"]
[Black "Ahmad, Al Khatib"]
[Result "1-0"]
[ECO "C72"]
[WhiteElo "2519"]
[BlackElo "2302"]
[PlyCount "63"]
[EventDate "2024.09.05"]
[EventType "team-tourn"]
[EventCountry "HUN"]
[WhiteTeam "Andorra"]
[BlackTeam "Jordan"]
[WhiteTeamCountry "AND"]
[BlackTeamCountry "JOR"]
[TimeControl "40/5400+30:1800+30"]

1. e4 e5 2. Nf3 Nc6 3. Bb5 a6 4. Ba4 d6 5. O-O Bd7 6. a3 g6 7. d3 Bg7 8. Bb3 Nf6 9. h3 O-O 10. Be3 h6 11. Nc3 Nh5 12. Qd2 g5 13. d4 Nf4 14. dxe5 Nxe5 15. Nxe5 Bxe5 16. Nd5 Nxd5 17. Bxd5 c6 18. Bb3 Qe7 19. f4 Bxb2 20. Rae1 Bf6 21. e5 dxe5 22. fxg5 Bxg5 23. Qc3 Bxe3+ 24. Rxe3 Rae8 25. Ref3 Be6 26. Rf6 Bxb3 27. cxb3 e4 28. Qg3+ Kh7 29. Qe3 Qe5 30. Qxh6+ Kg8 31. R1f5 Qd4+ 32. Kh2 1-0

[Event "45th FIDE Olympiad 2024"]
[Site "Budapest"]
[Date "2024.09.14"]
[Round "4.166"]
[White "Loay, Sameer"]
[Black "De La Riva Aguado, Oscar"]
[Result "0-1"]
[ECO "A46"]
[WhiteElo "2194"]
[BlackElo "2431"]
[PlyCount "102"]
[EventDate "2024.09.05"]
[EventType "team-tourn"]
[EventCountry "HUN"]
[WhiteTeam "Jordan"]
[BlackTeam "Andorra"]
[WhiteTeamCountry "JOR"]
[BlackTeamCountry "AND"]
[TimeControl "40/5400+30:1800+30"]

1. Nf3 Nf6 2. d4 c5 3. c3 g6 4. dxc5 Bg7 5. g3 a5 6. Bg2 Na6 7. Be3 O-O 8. h3 Qc7 9. Na3 Nxc5 10. Nb5 Qc6 11. a4 b6 12. O-O Bb7 13. b4 Nce4 14. Qb3 d6 15. Rfd1 h6 16. Nfd4 Qd7 17. Nf3 Qc6 18. Nfd4 Qd7 19. Nf3 Qc6 20. Nfd4 Qc8 21. Nf3 Nd7 22. Rac1 Nef6 23. g4 Be4 24. Bf1 Rb8 25. c4 axb4 26. Qxb4 Nc5 27. Nd2 Nxg4 28. Bxc5 dxc5 29. Qa3 Nf6 30. Nxe4 Nxe4 31. Bg2 Nf6 32. a5 bxa5 33. Qxa5 Qf5 34. Qa3 Rbd8 35. Qe3 e6 36. Qf3 Qe5 37. e3 Qb2 38. Qc6 Rxd1+ 39. Rxd1 Qc2 40. Bf3 Qxc4 41. Nd6 Qc2 42. Re1 Rd8 43. Nb7 Rd2 44. Qc8+ Kh7 45. Rf1 c4 46. Nd8 Rd7 47. Nc6 Qf5 48. Bg2 Qc5 49. Rc1 c3 50. Qa6 Nd5 51. Qa4 Nxe3 {0-} 0-1